 Dungeon Crawl Stone Soup version 0.19.0-11-g3fc08b3 (webtiles) character file.

87 Joat the Ruffian (level 4, -1/35 HPs)
             Began as a Draconian Transmuter on Nov 9, 2016.
             Slain by a gnoll
             ... wielding a +0 whip
              (11 damage)
             ... on level 2 of the Dungeon.
             The game lasted 00:07:44 (2494 turns).

Joat the Ruffian (Draconian Transmuter)             Turns: 2494, Time: 00:07:45

Health: -1/35      AC:  6    Str: 12    XL:     4   Next: 28%
Magic:  7/7        EV: 12    Int: 15    God:
Gold:   80         SH:  0    Dex: 11    Spells: 2 memorised, 3 levels left

rFire  . . .     SeeInvis .       - Unarmed
rCold  . . .     Gourm    .     (armour unavailable)
rNeg   . . .     Faith    .     (no shield)
rPois  .         Spirit   .     (helmet restricted)
rElec  .         Reflect  .     (no cloak)
rCorr  .         Harm     .     (no gloves)
MR     .....                    e - +0 pair of boots
Stlth  +.........               g - amulet of inaccuracy (curse)
                                (no ring)
                                (no ring)

@: no status effects
A: unfitting armour, cold-blooded, AC +5
a: no special abilities


You were on level 2 of the Dungeon.
You were not hungry.

You visited 1 branch of the dungeon, and saw 2 of its levels.

You collected 80 gold pieces.

Inventory:

Missiles
 a - 23 arrows
Armour
 e - a +0 pair of boots (worn)
Jewellery
 g - a cursed amulet of inaccuracy (around neck)
 i - an uncursed ring of fire
Potions
 f - 2 potions of resistance
 k - a potion of curing
Books
 b - a book of Changes

   Spells                             Type                      Level
   a - Beastly Appendage              Transmutation                1
   b - Sticks to Snakes               Transmutation                2
   c - Spider Form                    Transmutation/Poison         3
   d - Ice Form                       Ice/Transmutation            4
   e - Blade Hands                    Transmutation                5
Comestibles
 c - 2 bread rations


   Skills:
 - Level 1.1 Fighting
 - Level 1.7 Dodging
 + Level 4.9 Unarmed Combat
 - Level 2.0 Spellcasting
 - Level 2.0 Transmutations
 + Level 1.1 Poison Magic


You had 3 spell levels left.
You knew the following spells:

 Your Spells              Type           Power        Failure   Level  Hunger
q - Beastly Appendage     Tmut           #.....       12%         1    #......
v - Spider Form           Tmut/Pois      #.........   34%         3    ###....


Dungeon Overview and Level Annotations

Branches:
Dungeon (2/15)

Altars:
Vehumet


Innate Abilities, Weirdness & Mutations

Your plain brown scales are hard. (AC +5)
You cannot fit into any form of body armour.
You are cold-blooded and may be slowed by cold attacks.


Message History

The giant cockroach bites you.
The giant cockroach bites you but does no damage.
You hit the giant cockroach but do no damage.
The gnoll misses you.
The gnoll hits you from afar with a halberd.
* * * LOW HITPOINT WARNING * * *
The giant cockroach bites you but does no damage. x2
You closely miss the giant cockroach.
Your tail-slap misses the giant cockroach.
The gnoll hits you but does no damage.
The giant cockroach bites you but does no damage.
The gnoll hits you from afar with a halberd!
* * * LOW HITPOINT WARNING * * *
The giant cockroach bites you but does no damage.
Unknown command.
Unknown command.
Unknown command.
You feel better. The giant cockroach misses you.
The gnoll hits you with a whip!
You die...

)......# #.#.# #..#..##. .......#
.... #.#.###..#..... ..####<##
... #............#. ..# #...# ..
#...###........
..###...#####.#####...###..#...#.
...............................#.
..###...######..###..............
..###...######.g###.#(###..##..##
..............gg@s...........÷.##
..##....##.###.s###...##....#..##
..##....##.# #........##....#....
.........s.# #..)...........#..##
........(#.####..(...............
.............†).............#....
..##..g#.#.####..##.....#.......#
.....((....####..##...###...#....
...).....(...........####...#....


You could see 3 gnolls and 2 giant cockroaches.

Vanquished Creatures
  A gnoll (D:2)
  An adder (D:2)
  A worm (D:2)
  2 dart slugs (D:2)
  2 leopard geckos (D:1)
  4 bats
  8 giant cockroaches
  3 goblins
  7 hobgoblins
  8 jackals
  6 kobolds
  2 quokkas (D:2)
  4 frilled lizards (D:2)
  A rat (D:1)
50 creatures vanquished.

Notes
Turn   | Place    | Note
-------+----------+-------------------------------------------
     0 | D:1      | Joat the Draconian Transmuter began the quest for the Orb.
     0 | D:1      | Reached XP level 1. HP: 16/16 MP: 3/3
   110 | D:1      | Reached XP level 2. HP: 22/23 MP: 5/5
   451 | D:1      | Reached skill level 4 in Unarmed Combat
   729 | D:1      | Reached XP level 3. HP: 28/28 MP: 6/6
  1951 | D:2      | Learned a level 3 spell: Spider Form
  2090 | D:2      | Found a radiant altar of Vehumet.
  2332 | D:2      | Reached XP level 4. HP: 33/35 MP: 7/7
  2386 | D:2      | Reached skill level 1 in Poison Magic
  2493 | D:2      | HP: 1/35 [gnoll/halberd (8)]
  2494 | D:2      | Slain by a gnoll

Skill      XL: |  1  2  3  4 |
---------------+-------------+-----
Unarmed Combat | 4 |  4.9
Poison Magic   | 1 |  1.1
Fighting       | |  1.1
Dodging        | |  1.7
Spellcasting   | |  2.0
Transmutations | |  2.0

Action                   |  1- 3 |  4- 6 || total
-------------------------+-------+-------++-------
Melee: Unarmed           |   218 |    60 ||   278
       Tailslap          |    22 |     5 ||    27
       Punch             |     1 |       ||     1
       Headbutt          |     1 |       ||     1
 Cast: Beastly Appendage |     1 |       ||     1
  Use: Scroll            |     6 |       ||     6
       Potion            |       |     1 ||     1
  Eat: Chunk             |     5 |       ||     5
Armor: Skin              |    60 |    27 ||    87
Dodge: Dodged            |   171 |    59 ||   230
